 Seeded DCSS version 0.30.0-10-gfe55d96785 (webtiles) character file.

Game seed: 18007716519941398942 (custom seed)

317 Danienth the Digger (level 6, -3/34 HPs)
             Began as a Gargoyle Earth Elementalist on May 14, 2023.
             Was an Initiate of Yredelemnul.
             Slain by an iguana (9 damage)
             ... on level 5 of the Dungeon on May 15, 2023.
             The game lasted 00:23:11 (3951 turns).

Danienth the Digger (Gargoyle Earth Elementalist)   Turns: 3951, Time: 00:23:12

Health: -3/34      AC: 13    Str: 14    XL:     6   Next: 45%
Magic:  17/20      EV: 12    Int: 17    God:    Yredelemnul [......]
Gold:   194        SH:  0    Dex: 10    Spells: 5/12 levels left

rFire   . . .        g - +0 sling (flame)
rCold   + . .        (no shield)
rNeg    + . .        a - +0 robe
rPois   ∞            (no helmet)
rElec   +            o - +0 cloak "Weudaenu" {rElec Regen+ Str+2}
rCorr   .            (no gloves)
SInv    .            D - +1 pair of boots
Will    .....        e - amulet of faith
Stlth   +++          n - ring "Becryschi" {rC+ MP+9 Stlth+}
HPRegen 1.05/turn    y - +4 ring of protection
MPRegen 0.17/turn

%: faith
@: mighty, weak-willed, attractive
A: sickness immunity, AC +4, negative energy resistance 1, electricity
resistance, torment resistance 1, petrification resistance
a: Renounce Religion, Recall Undead Harvest


You were on level 5 of the Dungeon.
You worshipped Yredelemnul.
Yredelemnul was noncommittal.
You visited 1 branch of the dungeon, and saw 5 of its levels.

You collected 194 gold pieces.

Inventory:

Hand Weapons
 g - a +0 sling of flaming (weapon)
Missiles
 f - a poisoned dart (quivered)
 E - 6 atropa-tipped darts
Armour
 a - a +0 robe (worn)
 o - the +0 cloak "Weudaenu" (worn) {rElec Regen+ Str+2}
   (You acquired it on level 1 of the Dungeon)

   Str:       It affects your strength (+2).
   rElec:     It insulates you from electricity.
   Regen:     It increases your rate of health regeneration.
 D - a +1 pair of boots (worn)
Jewellery
 e - an amulet of faith (around neck)
 i - an amulet of the acrobat
 n - the ring "Becryschi" (left hand) {rC+ MP+9 Stlth+}
   (You acquired it on level 1 of the Dungeon)

   [ring of magical power]

   rC:        It protects you from cold.
   MP:        It affects your magic capacity (+9).
   Stlth:     It makes you more stealthy.
 v - a ring of willpower
 y - a +4 ring of protection (right hand)
 A - a ring of positive energy
Wands
 c - a wand of polymorph (2)
Scrolls
 l - a scroll of fog
 m - a scroll of silence {unknown}
 p - a scroll of enchant armour
 q - 2 scrolls of teleportation {unknown}
 r - a scroll of enchant weapon {unknown}
 s - a scroll of immolation {unknown}
 t - 3 scrolls of identify {unknown}
 u - 2 scrolls of amnesia
 B - a scroll of blinking {unknown}
 C - 2 scrolls of torment {unknown}
Potions
 b - a potion of magic
 d - 2 potions of berserk rage {unknown}
 h - a potion of attraction
 j - 2 potions of heal wounds {unknown}
 k - 2 potions of might
 w - a potion of resistance {unknown}
 x - a potion of haste {unknown}


   Skills:
 + Level 1.4 Fighting
 + Level 3.7 Ranged Weapons
 + Level 0.2 Throwing
 + Level 1.9 Dodging
 + Level 2.7 Stealth
 + Level 3.5 Spellcasting
 + Level 0.7 Transmutations
 + Level 4.4 Earth Magic
 + Level 0.8 Invocations


You had 5 spell levels left.
You knew the following spells:

 Your Spells              Type           Power      Damage    Failure   Level
a - Sandblast             Erth           36%        2d10      2%          1
b - Passwall              Tmut/Erth      9%         N/A       9%          2
c - Apportation           Tloc           4%         N/A       17%         1
d - Stone Arrow           Conj/Erth      20%        3d8       21%         3

Your spell library contained the following spells:

 Spells                   Type           Power      Damage    Failure   Level
 Lesser Beckoning         Tloc           4%         N/A       26%         2
 Gell's Gravitas          Tloc           2%         N/A       45%         3
 Inner Flame              Hex/Fire       2%         N/A       45%         3
 Teleport Other           Tloc           2%         N/A       45%         3
 Petrify                  Tmut/Erth      11%        N/A       50%         4
 Flame Wave               Conj/Fire      2%         2d4       86%         4
 Sticky Flame             Conj/Fire      2%         2d3       86%         4
 Borgnjor's Vile Clutch   Necr/Erth      5%         N/A       88%         5
 Alistair's Intoxication  Tmut/Pois      2%         N/A       99%         5
 Eringya's Noxious Bog    Tmut/Pois      2%         N/A       100%        6


Dungeon Overview and Level Annotations

Branches:
Dungeon (5/15)
 Temple: D:4-7

Altars:
Nemelex Xobeh
Qazlal
Wu Jian
Xom
Yredelemnul
Zin
The Shining One

Shops:
D:2 :

Annotations:
D:5 Ijyb


Innate Abilities, Weirdness & Mutations

You are immune to sickness and miasma.
Your stone body is resilient. (AC +4)
You are immune to poison.
You resist negative energy. (rN+)
You are resistant to electric shocks. (rElec)
You are resistant to unholy torment.
You are immune to petrification.


Message History

The hound is severely wounded.
The hound closely misses you.
A scorpion comes into view.
The hound closely misses you.
As you read the scroll labelled ZYHOGURIEXO, it crumbles to dust.
It is a scroll of amnesia.
Forget Lesser Beckoning, freeing 2 spell levels for a total of 4?
Your memory of Lesser Beckoning unravels.
The hound bites you but does no damage.
The iguana hisses menacingly.
Ijyb hits you but does no damage. The hound bites you but does no damage.
As you read the scroll labelled VIMIUC NUISMOD, it crumbles to dust.
Magic quickly surges around you.
It was a scroll of vulnerability.
The phantom hits you but does no damage.
Ijyb zaps a wand.
Your mind is blasted!
Ouch! That really hurt!
The hound bites you but does no damage.
Casting: Sandblast (safe; 2% risk of failure)
Confirm with . or Enter, or press ? or * to list all spells.
Aiming: Sandblast (safe; 2% risk of failure)
Press: ? - help, Shift-Dir - straight line, f - iguana, p - hound
Aim: an iguana (weak-willed, 84% to hit)
The blast of sand hits the hound!
You kill the hound!
The phantom barely misses you. Ijyb hits you with a +0 club.
Your dart slug zombie completely misses the phantom.
The phantom barely misses you. The iguana bites you.
* * * LOW HITPOINT WARNING * * *
Ijyb zaps a wand.
You barely resist.
It was a potion of might.
You feel very mighty all of a sudden. The iguana bites you.
* * * LOW HITPOINT WARNING * * *
The phantom barely misses you. Ijyb hits you but does no damage.
Your dart slug zombie closely misses the phantom.
It was a potion of attraction.
You feel attractive to monsters. The iguana bites you!
You die...
Your body rises from the dead as a mindless zombie.

......#
...... ....)
#...#####
##........
##.........
#..gs......
#..@l......
#..ZW......
#............
#............
###..........
#..........
#..####.###
... .#


You could see a phantom (weak-willed, ally target), Ijyb (weak-willed), a
scorpion (weak-willed), an iguana (weak-willed) and a friendly dart slug zombie
(weak-willed).

Vanquished Creatures
  Blork the orc (D:4)
  A scorpion (D:4)
  A hound (D:5)
  A sleepcap (D:4)
  3 gnolls (D:4)
  An adder (D:2)
  3 worms (D:2)
  4 dart slugs
  2 orcs (D:4)
  3 bats
  9 endoplasms
  3 giant cockroaches
  10 goblins
  2 hobgoblins (D:1)
  6 jackals
  4 quokkas
  6 ball pythons
  4 frilled lizards
  9 kobolds
  4 rats
  A butterfly (D:3)
78 creatures vanquished.

Vanquished Creatures (collateral kills)
  A ball python (D:2)
  An endoplasm (D:1)
  A giant cockroach (D:2)
  A goblin (D:1)
  2 rats
6 creatures vanquished.

Vanquished Creatures (others)
  An adder zombie (D:2)
  A gnoll zombie (D:4)
  A ball python zombie (D:2)
  An endoplasm zombie (D:4)
  A giant cockroach zombie (D:4)
  A quokka zombie (D:4)
  A rat zombie (D:2)
7 creatures vanquished.

Grand Total: 91 creatures vanquished

Notes
Turn   | Place    | Note
-------+----------+-------------------------------------------
     0 | D:1      | Danienth the Gargoyle Earth Elementalist began the quest
                  | for the Orb.
     0 | D:1      | Reached XP level 1. HP: 10/10 MP: 3/3
   115 | D:1      | Reached XP level 2. HP: 15/15 MP: 0/5
   173 | D:1      | Found a faded altar of an unknown god.
   173 | D:1      | Noticed a neqoxec
   181 | D:1      | Prayed at the altar of an unknown god.
   181 | D:1      | Became a worshipper of Yredelemnul the Dark
   181 | D:1      | Reached * piety under Yredelemnul
   409 | D:1      | Reached ** piety under Yredelemnul
   699 | D:1      | Reached skill level 4 in Earth Magic
   699 | D:1      | Reached XP level 3. HP: 16/19 MP: 6/6
   715 | D:1      | Identified 3 scrolls of acquirement
   715 | D:1      | Acquired the ring "Becryschi" {rC+ MP+9 Stlth+}
   718 | D:1      | Acquired the +0 cloak "Weudaenu" {rElec Regen+ Str+2}
   725 | D:1      | Acquired a book of Party Tricks
   730 | D:1      | Learned a level 2 spell: Passwall
   732 | D:1      | Learned a level 1 spell: Apportation
   912 | D:1      | Reached skill level 1 in Ranged Weapons
   940 | D:1      | Reached *** piety under Yredelemnul
  1405 | D:2      | Reached XP level 4. HP: 24/24 MP: 7/7
  1496 | D:2      | Found Lemucar's Book Boutique.
  1599 | D:2      | Identified the +2 hand axe "Plog" {drain, +Blink rCorr}
  2215 | D:3      | Found a glowing silver altar of Zin.
  2239 | D:3      | Learned a level 3 spell: Stone Arrow
  2299 | D:3      | Found a glowing golden altar of the Shining One.
  2319 | D:3      | Found a stormy altar of Qazlal.
  2383 | D:3      | Found a shimmering altar of Xom.
  3197 | D:4      | Noticed Blork the orc
  3215 | D:4      | Killed Blork the orc
  3216 | D:4      | Reached skill level 1 in Fighting
  3216 | D:4      | Reached XP level 5. HP: 29/29 MP: 9/9
  3226 | D:4      | Learned a level 2 spell: Lesser Beckoning
  3404 | D:4      | Reached XP level 6. HP: 34/34 MP: 10/10
  3463 | D:4      | Found an ornate altar of the Wu Jian Council.
  3837 | D:4      | Found a sparkling altar of Nemelex Xobeh.
  3931 | D:5      | Entered Level 5 of the Dungeon
  3942 | D:5      | Noticed Ijyb
  3951 | D:5      | Slain by an iguana

Illustrated notes

Levels and vault maps discovered:
D:1:      psy_arrival_dodecagon, layout_basic,
          dreamdust_ecumenical_altar_sealed_demon
D:2:      layout_loops_cross, serial_shops, shop, minmay_misc_feat_cross,
          glass_columns_c, minmay_ruptured
D:3:      layout_basic, xom_butterflies, nicolae_qazlal_scattered_showers,
          nicolae_overflow_crystal_walls, tso_oasis_becter
D:4:      layout_cave_pools, kennysheep_mini, nicolae_wu_jian_wuxing_cycle,
          serial_column_ruins, column_ruins_circle_small, column_ruins_grid_3,
          column_ruins_open_large, column_ruins_grid_1, column_ruins_grid_1,
          column_ruins_open_tiny, chequers_hall_statues_wall_a,
          chequers_serial_rivers_micro_c, uniq_blork_the_orc
D:5:      minmay_evil_eye, layout_rooms, nicolae_ru_the_path_less_chosen,
          uniq_ijyb, uniq_grinder

Skill      XL: |  1  2  3  4  5 |
---------------+----------------+-----
Earth Magic    | 4 |  4.4
Ranged Weapons | 1 3 |  3.7
Fighting       | 1 |  1.4
Spellcasting   | 3 |  3.5
Throwing       | |  0.2
Dodging        | |  1.9
Stealth        | |  2.7
Transmutations | |  0.7
Invocations    | |  0.8

Action                     |  1- 3 |  4- 6 || total
---------------------------+-------+-------++-------
   Fire: Sling             |    64 |   104 ||   168
  Throw: Dart              |     2 |     7 ||     9
   Cast: Sandblast         |    21 |    39 ||    60
         Stone Arrow       |       |     1 ||     1
 Invoke: Dark Bargain      |     3 |     1 ||     4
         Recall Undead Har |     1 |     5 ||     6
    Use: Scroll            |     3 |     8 ||    11
         Potion            |       |     2 ||     2
 Armour: Robe              |     8 |    32 ||    40
  Dodge: Dodged            |    34 |    55 ||    89
